 Dungeon Crawl Stone Soup version 0.30-a0-58-gc0703345a7 (webtiles) character file.

Game seed: 6893156553227332139

38 ytrimaz the Insei (level 3, 0/23 HPs)
             Began as an Octopode Transmuter on Sept 11, 2022.
             Slain by a worm (10 damage)
             ... on level 2 of the Dungeon.
             The game lasted 00:01:47 (1778 turns).

ytrimaz the Insei (Octopode Transmuter)             Turns: 1778, Time: 00:01:48

Health: 0/23       AC:  1    Str:  9    XL:     3   Next: 43%
Magic:  5/7        EV: 13    Int: 17    God:
Gold:   35         SH:  0    Dex: 12    Spells: 1/7 levels left

rFire   . . .      SeeInvis .      - Unarmed
rCold   . . .      Faith    .    (no shield)
rNeg    . . .      Spirit   .    (helmet restricted)
rPois   .          Reflect  .    (no amulet)
rElec   .          Harm     .    (no ring)
rCorr   .          Rampage  .    (no ring)
Will    .....                    (no ring)
Stlth   ++........               (no ring)
HPRegen 0.07/turn                (no ring)
MPRegen 0.10/turn                (no ring)
                                 (no ring)
                                 (no ring)

@: no status effects
A: almost no armour, amphibious, 8 rings, camouflage 1, gelatinous body 1,
(nimble swimmer 1), tentacles
a: no special abilities


You were on level 2 of the Dungeon.
You visited 1 branch of the dungeon, and saw 2 of its levels.

You collected 35 gold pieces.


Innate Abilities, Weirdness & Mutations

You cannot wear most types of armour.
You are amphibious.
You can wear up to eight rings at the same time.
Your skin changes colour to match your surroundings (Stealth+).
Your rubbery body absorbs attacks. (AC +1, EV +1)
((You are camouflaged when in or above water. (Stealth+)))
You have tentacles for arms and can constrict up to eight enemies at once.


   Skills:
 - Level 1.0 Fighting
 - Level 2.0 Dodging
 - Level 3.0 Unarmed Combat
 + Level 2.7 Spellcasting
 + Level 2.9 Transmutations
 * Level 0.4 Poison Magic


You had one spell level left.
You knew the following spells:

 Your Spells              Type           Power      Damage    Failure   Level
a - Beastly Appendage     Tmut           24%        N/A       5%          1
b - Wereblood             Tmut           12%        N/A       9%          2
c - Spider Form           Tmut/Pois      8%         N/A       26%         3

Your spell library contained the following spells:

 Spells                   Type           Power      Damage    Failure   Level
 Ice Form                 Ice/Tmut       7%         N/A       69%         4

Inventory:

Scrolls
 e - a scroll of vulnerability
 f - a scroll of identify
Potions
 a - a potion of lignification
 b - a potion of flight
 c - a potion of might {unknown}
 d - a potion of resistance {unknown}

Dungeon Overview and Level Annotations

Branches:
Dungeon (2/15) Zot: 10224

Altars:

###.........#..
.....[.###..............
........>..#............
.......##............#..
.#.#.#.....$......##.##.
..................##.##.
.#.#.#............##.##.
......w.(.........##....
.#.#.#.@..........#####.
...........(......#
.#.#.#...†).......#
.........†..........#
##.....##...#.#.#.#..
###### ###.........)#
#.#.#.#.#.## #..........
..#.#.#..#


You could see a worm.


Message History

You kill the endoplasm!
You feel sick. 😮 HP[-1]
You take 1 damage, and now have 13/23 hp.
Unknown command.
You feel sick. 😮 HP[-1] MP[+1]
You take 1 damage, and now have 12/23 hp.
You feel sick.
You feel sick.
You feel sick.
Your tentacle spike disappears.
You feel sick.
You are no longer poisoned.
Key pressed, stopping explore.
Key pressed, stopping explore.
Unknown command.
f - a scroll of identify 😎 HP[+11] MP[+1]
Your hp is fully restored (23).
Your mp is fully restored (7).
A hobgoblin comes into view.
Unknown command.
Okay, then.
This spell is extremely dangerous to cast!
Memorise Spider Form, consuming 3 spell levels and leaving 1?
You start memorising the spell.
You continue memorising. x3
You finish memorising.
Spell assigned to 'c'.
A hobgoblin is nearby!
A hobgoblin is nearby!
Found 5 boomerangs.
Found a stone staircase leading down.
A hobgoblin is nearby!
A goblin comes into view. It is wielding a +0 club.
A rat comes into view.
A hobgoblin comes into view.
The hobgoblin shouts! x2; The goblin shouts!
The hobgoblin barely misses you.
You tentacle-slap the hobgoblin but do no damage.
You grab the hobgoblin. You constrict the hobgoblin. The hobgoblin misses you.
Casting: Beastly Appendage (safe; 5% risk of failure)
Confirm with . or Enter, or press ? or * to list all spells.
The spell is extremely dangerous to miscast (30% risk of failure)!
Continue anyway?
You turn into a venomous arachnid creature.
You lose your grip on the hobgoblin.
The rat misses you.
The hobgoblin completely misses you. 😎 MP[-3]
You lost 3 mp, and now have 4/7 mp.
Unknown command.
Unknown command.
You hit the rat.
The rat is poisoned.
You kill the rat!
The hobgoblin closely misses you. The hobgoblin closely misses you.
You hit the hobgoblin.
You kill the hobgoblin!
The hobgoblin misses you.
You hit the hobgoblin.
The hobgoblin is poisoned.
The goblin hits you with a +0 club.
The hobgoblin completely misses you. 😕 HP[-4]
You take 4 damage, and now have 19/23 hp.
Unknown command.
You hit the hobgoblin.
You kill the hobgoblin!
Your transformation is almost over.
The goblin hits you with a +0 club.
A worm comes into view. 😮 HP[-3]
You take 3 damage, and now have 16/23 hp.
You are too injured to fight recklessly!
You barely miss the goblin. The goblin completely misses you.
You are too injured to fight recklessly!
You hit the goblin.
The goblin is poisoned.
The goblin misses you.
Unknown command.
You hit the goblin.
You kill the goblin!
You are too injured to fight recklessly!
Things that are here:
a +0 club; a goblin corpse; 😮 HP[+1]
You are too injured to fight recklessly! 😮 MP[+1]
You are too injured to fight recklessly!
The worm bites you but does no damage.
You are too injured to fight recklessly!
You hit the worm.
Your transformation has ended.
You are too injured to fight recklessly!
You tentacle-slap the worm. You grab the worm.
You squeeze the worm, but do no damage. You constrict the worm.
The worm closely misses you.
You are too injured to fight recklessly!
You tentacle-slap the worm.
You tentacle-slap the worm, but do no damage.
You squeeze the worm. You constrict the worm. The worm bites you!
* * * LOW HITPOINT WARNING * * *
😨 HP[-7]
You take 7 damage, and now have 10/23 hp.
MASSIVE DAMAGE!! (PAUSE)
You tentacle-slap the worm. You constrict the worm.
Unknown command.
You tentacle-slap the worm. You constrict the worm. The worm bites you!
You die...

Action                   || total
-------------------------++-------
Melee: Unarmed           ||    61
       Constrict         ||    13
       Tentacles         ||     9
       Kick              ||    11
       Punch             ||     3
 Cast: Beastly Appendage ||     7
       Spider Form       ||     1
  Use: Scroll            ||     3
 Stab: Sleeping          ||     3
Armor: Skin              ||     2
Dodge: Dodged            ||    42

Levels and vault maps discovered:
D:1:      dpeg_arrival_brainrot, layout_loops_ring, minivault_5
D:2:      layout_rooms, chequers_ecumenical_altar_twisty, serial_glass,
          glass_columns_b, glass_columns_b, glass_columns_c, glass_columns_b,
          glass_columns_c, glass_columns_b, minmay_tiny_reverse_x

Notes
Turn   | Place    | Note
-------+----------+-------------------------------------------
     0 | D:1      | ytrimaz the Octopode Transmuter began the quest for the
                  | Orb.
     0 | D:1      | Reached XP level 1. HP: 13/13 MP: 3/3
     0 | D:1      | magus.rc [v1.9.6]
   406 | D:1      | Reached XP level 2. HP: 8/18 MP: 5/5
   924 | D:1      | Learned a level 2 spell: Wereblood
  1519 | D:2      | Reached XP level 3. HP: 14/23 MP: 5/7
  1752 | D:2      | Learned a level 3 spell: Spider Form
  1778 | D:2      | Slain by a worm

Vanquished Creatures
  An adder (D:2)
  A dart slug (D:1)
  3 endoplasms
  2 goblins
  6 hobgoblins
  A jackal (D:1)
  2 quokkas (D:1)
  3 ball pythons (D:1)
  2 frilled lizards (D:1)
  2 kobolds (D:1)
  2 rats
25 creatures vanquished.

Table legend:
 A = Non-vault XP
 B = Vault XP
 C = Vault XP percentage of total XP
 D = Non-vault monster count
 E = Vault monster count
 F = Vault count percentage of total count
                 A         B        C        D         E       F
            +---------+---------+-------+---------+---------+-------
      Total |      53 |       2 |   3.6 |      24 |       1 |   4.0
            +---------+---------+-------+---------+---------+-------
        D:1 |      30 |       2 |   6.2 |      18 |       1 |   5.3
        D:2 |      23 |       0 |   0.0 |       6 |       0 |   0.0
            +---------+---------+-------+---------+---------+-------

Illustrated notes

Table legend:
 A = Kills in this place as a percentage of kills in entire the game.
 B = Kills by you in this place as a percentage of kills by you in the entire game.
 C = Kills by friends in this place as a percentage of kills by friends in the entire game.
 D = Other kills in this place as a percentage of other kills in the entire game.
 E = Experience gained in this place as a percentage of experience gained in the entire game.
 F = Experience gained in this place divided by the number of levels of this place that you have seen.
                   A       B       C       D       E      F
               +-------+-------+-------+-------+-------+----------------------
         Total | 100.0 | 100.0 |   N/A |   N/A | 100.0 |  27.5
       Dungeon | 100.0 | 100.0 |   N/A |   N/A | 100.0 |  27.5
               +-------+-------+-------+-------+-------+----------------------

Table legend: (Time is in decaauts)
 A = Elapsed time spent in this place.
 B = Non-inter-level travel time spent in this place.
 C = Inter-level travel time spent in this place.
 D = Time resting spent in this place.
 E = Time spent auto-exploring this place.
 F = Levels seen in this place.
 G = Mean time per level.
                   A        B        C        D        E       F      G
               +--------+--------+--------+--------+--------+-----+--------+
         Total |   1774 |   1763 |     11 |      0 |   1563 |   2 |  887.0 |
       Dungeon |   1774 |   1763 |     11 |      0 |   1563 |   2 |  887.0 |
               +--------+--------+--------+--------+--------+-----+--------+

Top non-repeatable levels by time:
     D:1: 1501 daAuts
     D:2: 273 daAuts
